 Dungeon Crawl Stone Soup version 0.24.0-41-g2ae2f7f1be (webtiles) character file.

Game seed: 6959585276630391604, levelgen mode: deterministic

159 Curus the Spear-Bearer (level 5, -4/38 HPs)
             Began as a Merfolk Gladiator on Dec 14, 2019.
             Was an Initiate of Trog.
             Blown up by Ijyb (36 damage)
             ... with a disintegration bolt
             ... on level 3 of the Dungeon.
             The game lasted 00:07:42 (2009 turns).

Curus the Spear-Bearer (Merfolk Gladiator)          Turns: 2009, Time: 00:07:43

Health: -4/38      AC:  8    Str: 14    XL:     5   Next: 40%
Magic:  5/5        EV: 14    Int:  8    God:    Trog [......]
Gold:   125        SH:  0    Dex: 20    Spells: 4/4 levels left

rFire    . . .     SeeInvis .   a - +0 trident
rCold    . . .     Gourm    .   (no shield)
rNeg     . . .     Faith    .   b - +0 leather armour
rPois    .         Spirit   .   c - +1 helmet
rElec    .         Reflect  .   g - scarf {cloud immunity}
rCorr    .         Harm     +   (no gloves)
MR       .....                  h - +2 pair of boots
Stlth    ++........             e - amulet of harm
HPRegen  0.12/turn              j - +4 ring of dexterity
MPRegen  0.09/turn              (no ring)

@: no status effects
A: change form in water, swift swim, stealthy swim
a: Renounce Religion


You were on level 3 of the Dungeon.
You worshipped Trog.
Trog was noncommittal.
You were hungry.

You visited 1 branch of the dungeon, and saw 3 of its levels.

You collected 125 gold pieces.

Inventory:

Hand Weapons
 a - a +0 trident (weapon)
Missiles
 d - 3 throwing nets (quivered)
Armour
 b - a +0 leather armour (worn)
 c - a +1 helmet (worn)
 g - a scarf of cloud immunity (worn)
 h - a +2 pair of boots (worn)
Jewellery
 e - an amulet of harm (around neck)
 j - a +4 ring of dexterity (left hand)
Scrolls
 i - 4 scrolls of remove curse
 k - a scroll of identify
 l - 4 scrolls of teleportation
Potions
 m - a potion of magic
Comestibles
 f - 4 rations


   Skills:
 - Level 2.1 Fighting
 + Level 8.6 Polearms
 - Level 2.0 Throwing
 - Level 4.0 Dodging


You had 4 spell levels left.
You didn't know any spells.
Your spell library was empty.

Dungeon Overview and Level Annotations

Branches:
Dungeon (3/15)

Altars:
Ashenzari
Dithmenos
Sif Muna
Trog
Vehumet

Annotations:
D:3 Ijyb


Message History

Ijyb is heavily wounded.
Ijyb hits you but does no damage.
You hit Ijyb but do no damage.
Ijyb is heavily wounded.
Ijyb screams, "Me kill you!" Ijyb barely misses you.
You closely miss Ijyb.
Ijyb is heavily wounded.
Ijyb hits you but does no damage.
You hit Ijyb but do no damage.
Ijyb is heavily wounded.
Ijyb hits you but does no damage.
You barely miss Ijyb.
Ijyb is heavily wounded.
Ijyb hits you but does no damage.
You hit Ijyb but do no damage.
Ijyb is heavily wounded.
Ijyb zaps a wand.
You are blasted!
Ouch! That really hurt!
You die...

#### <†.# ##.# #.#
#.# ##########
##.######........#
..........######@#
##.######## #g#
##### #.# ...
....### #.#
#.#######..... #.#
#.# #.>.# ##.#
####.# #..# ...#
###....# #..# ##
#...##.# #.##
#######.#.##.#
#.#########


You could see Ijyb.

Vanquished Creatures
  Jessica (D:3)
  Terence (D:2)
  Robin (D:2)
  3 adders
  An ooze (D:3)
  A worm (D:2)
  2 dart slugs
  A leopard gecko (D:2)
  An orc (D:3)
  3 bats
  3 giant cockroaches
  13 goblins
  8 hobgoblins
  4 jackals (D:3)
  4 kobolds
  3 frilled lizards
  6 rats
56 creatures vanquished.

Notes
Turn   | Place    | Note
-------+----------+-------------------------------------------
     0 | D:1      | Curus the Merfolk Gladiator began the quest for the Orb.
     0 | D:1      | Reached XP level 1. HP: 16/16 MP: 1/1
   328 | D:1      | Reached skill level 5 in Polearms
   556 | D:1      | Reached XP level 2. HP: 22/22 MP: 2/2
  1060 | D:2      | Reached skill level 6 in Polearms
  1060 | D:2      | Reached XP level 3. HP: 27/27 MP: 3/3
  1071 | D:2      | Noticed Terence
  1094 | D:2      | Killed Terence
  1133 | D:2      | Reached skill level 7 in Polearms
  1133 | D:2      | Reached XP level 4. HP: 33/33 MP: 4/4
  1337 | D:2      | Noticed Robin
  1373 | D:2      | Killed Robin
  1503 | D:2      | Found a shadowy altar of Dithmenos.
  1516 | D:2      | Found a shattered altar of Ashenzari.
  1517 | D:2      | Found a bloodstained altar of Trog.
  1530 | D:2      | Became a worshipper of Trog the Wrathful
  1550 | D:2      | Found a radiant altar of Vehumet.
  1553 | D:2      | Found a shimmering blue altar of Sif Muna.
  1791 | D:3      | Noticed Jessica
  1793 | D:3      | Killed Jessica
  1793 | D:3      | Reached skill level 8 in Polearms
  1793 | D:3      | Reached XP level 5. HP: 38/38 MP: 5/5
  1994 | D:3      | Noticed Ijyb
  2009 | D:3      | Blown up by Ijyb

Levels and vault maps discovered:
D:1:      dpeg_arrival_boxes_within_box, layout_loops_corners, nrook_uturn,
          minmay_door_square
D:2:      layout_loops_ring, minmay_overflow_temple_star_hex, first_ration,
          uniq_robin, uniq_terence
D:3:      layout_loops_ring, lemuel_doored_altar, okawaru_metal_pillars_1_2,
          uniq_grinder, uniq_jessica, uniq_ijyb

Skill      XL: |  1  2  3  4 |
---------------+-------------+-----
Polearms       | 5 6 7 8 |  8.6
Fighting       | |  2.1
Throwing       | |  2.0
Dodging        | |  4.0

Action                   |  1- 3 |  4- 6 || total
-------------------------+-------+-------++-------
Melee: Trident           |    62 |   126 ||   188
  Use: Scroll            |     4 |     2 ||     6
       Potion            |     1 |     4 ||     5
 Stab: Sleeping          |     3 |     3 ||     6
  Eat: Chunk             |     1 |     2 ||     3
Armor: Leather armour    |     9 |    37 ||    46
Dodge: Dodged            |    30 |    69 ||    99
